 Dungeon Crawl Stone Soup version 0.16.1-30-g34a7ffa (webtiles) character file.

58 ztt the Firebug (level 3, -1/26 HPs)
             Began as a Demigod Fire Elementalist on June 23, 2015.
             Slain by an orc
             ... wielding a +0 flail
              (5 damage)
             ... on level 2 of the Dungeon.
             The game lasted 00:09:14 (2667 turns).

ztt the Firebug (Demigod Fire Elementalist)         Turns: 2667, Time: 00:09:14

Health: -1/26      AC:  3    Str: 11    XL:     3   Next: 51%
Magic:  6/7        EV: 13    Int: 21    God:
Gold:   162        SH:  0    Dex: 16    Spells: 2 memorised, 2 levels left

rFire  . . .     SeeInvis .     j - -2 short sword (curse)
rCold  . . .     Clarity  .     a - +0 robe
rNeg   . . .     SustAb   +     (no shield)
rPois  .         Gourm    .     (no helmet)
rElec  .         Spirit   .     c - +0 cloak
rCorr  +         Warding  .     (no gloves)
rMut   .         Stasis   .     (no boots)
MR     .....                    i - amulet of resist corrosion
Stlth  +++.......               (no ring)
                                e - ring of stealth

@: not resistant to hostile enchantments, fairly stealthy
A: sustain abilities
a: no special abilities


You were on level 2 of the Dungeon.
You were near starving.

You visited 1 branch of the dungeon, and saw 3 of its levels.

You collected 162 gold pieces.

Inventory:

Hand weapons
 h - a +0 dagger
 j - a cursed -2 short sword (weapon)
Armour
 a - a +0 robe (worn)
 c - a +0 cloak (worn)
Jewellery
 e - a ring of stealth (left hand)
 i - an amulet of resist corrosion (around neck)
Scrolls
 f - 5 scrolls of identify
Potions
 d - a potion of curing
Books
 b - a book of Flames

   Spells                             Type                      Level
   a - Flame Tongue                   Conjuration/Fire             1
   b - Throw Flame                    Conjuration/Fire             2
   c - Conjure Flame                  Conjuration/Fire             3
   d - Inner Flame                    Hexes/Fire                   3
   e - Sticky Flame                   Conjuration/Fire             4
   f - Fireball                       Conjuration/Fire             5


   Skills:
 + Level 0.1 Fighting
 + Level 2.2 Dodging
 + Level 2.5 Stealth
 + Level 1.9 Spellcasting
 + Level 1.2 Conjurations
 + Level 3.3 Fire Magic


You had 2 spell levels left.
You knew the following spells:

 Your Spells              Type           Power        Failure   Level  Hunger
a - Flame Tongue          Conj/Fire      ##...        8%          1    #......
b - Throw Flame           Conj/Fire      ##....       12%         2    ##.....


Dungeon Overview and Level Annotations

Branches:
Dungeon (3/15)


Innate Abilities, Weirdness & Mutations

Your attributes are resistant to harm.


Message History

An orc wizard comes into view. It is wielding a dagger.
Found a yellow potion.
The orc shouts!
The orc hits you with a flail.
There is a stone staircase leading up here.
The orc hits you with a flail! The orc wizard hits you with a dagger.
* * * LOW HITPOINT WARNING * * *
You climb upwards.
There is a stone staircase leading down here.
Unknown command.
Unknown command.
Unknown command.
Unknown command.
Casting: Flame Tongue
Confirm with . or Enter, or press ? or * to list all spells.
Aiming: Flame Tongue
Press: ? - help, Shift-Dir - straight line, f - orc
Aim: an orc, wielding a flail and wearing a leather armour The flame tongue misses the orc.
The orc hits you with a flail.
You die...

.###....#..#.# #....†....#### ##
[.........##.# ###..##.##...##
.......#####.#####.##...###..####
.(...#######...##.##.....###....#
..(.......##......#.......#..##..
......................_..........
..................#.......###..#.
..................##.....## ##...
#.#............)@o.##...#########
#.#..............[..##.##...#####
#............(...................
...................########......
..................## ##..)..
.................## ######
........########## ##..##### ####


You could see an orc.

Vanquished Creatures
  An adder (D:2)
  A worm (D:2)
  3 orcs (D:2)
  4 bats
  3 giant cockroaches (D:2)
  7 hobgoblins
  A quokka (D:2)
  3 giant newts
  5 goblins
  7 kobolds
  3 rats
  A toadstool (D:1)
39 creatures vanquished.

Vanquished Creatures (others)
  3 toadstools (D:1)
3 creatures vanquished.

Grand Total: 42 creatures vanquished

Notes
Turn   | Place    | Note
--------------------------------------------------------------
     0 | D:1      | ztt, the Demigod Fire Elementalist, began the quest for the Orb.
     0 | D:1      | Reached XP level 1. HP: 14/14 MP: 3/3
   191 | D:1      | Reached skill level 3 in Fire Magic
   379 | D:1      | Reached XP level 2. HP: 20/20 MP: 2/4
   383 | D:1      | Learned a level 2 spell: Throw Flame
  1323 | D:2      | Reached skill level 1 in Conjurations
  1595 | D:2      | HP: 1/20 [something (3)]
  2184 | D:2      | Found a stormy altar of Qazlal.
  2300 | D:2      | Found a burning altar of Makhleb.
  2346 | D:2      | Reached XP level 3. HP: 26/26 MP: 5/7
  2353 | D:2      | Found a shimmering altar of Xom.
  2667 | D:2      | Slain by an orc

Action                   || total
-------------------------++-------
Melee: Unarmed           ||     7
       Short sword       ||    79
       Dagger            ||     9
 Cast: Flame Tongue      ||    52
       Throw Flame       ||     3
  Use: Scroll            ||     5
       Potion            ||     2
 Stab: Sleeping          ||     2
       Distracted        ||     1
  Eat: Bread ration      ||     1
